 Dungeon Crawl Stone Soup version 0.19.0-24-gb05acd6 (webtiles) character file.

75 GlenndL420 the Cudgeler (level 4, 0/29 HPs)
             Began as a Gargoyle Berserker on Nov 20, 2016.
             Was a Believer of Trog.
             Slain by a gnoll
             ... wielding a +0 club
              (3 damage)
             ... on level 2 of the Dungeon.
             The game lasted 00:13:55 (1551 turns).

GlenndL420 the Cudgeler (Gargoyle Berserker)        Turns: 1551, Time: 00:13:55

Health: 0/29       AC: 12    Str: 20    XL:     4   Next: 31%
Magic:  4/4        EV: 12    Int:  8    God:    Trog [**....]
Gold:   67         SH:  0    Dex: 10    Spells: 0 memorised, 3 levels left

rFire  . . .     SeeInvis .     o - +0 short sword (protect)
rCold  . . .     Gourm    .     b - +0 animal skin
rNeg   + . .     Faith    .     (no shield)
rPois  ∞         Spirit   .     (no helmet)
rElec  +         Reflect  .     (no cloak)
rCorr  .         Harm     .     (no gloves)
MR     ++...                    (no boots)
Stlth  +.........               (no amulet)
                                (no ring)
                                (no ring)

@: exhausted, protection aura, regenerating, slowed, very slow
A: negative energy resistance 1, electricity resistance, unbreathing,
petrification resistance, rot immunity, AC +3
a: Berserk, Trog's Hand, Burn Spellbooks, Renounce Religion


You were on level 2 of the Dungeon.
You worshipped Trog.
Trog was pleased with you.
You were near starving.

You visited 1 branch of the dungeon, and saw 3 of its levels.

You collected 67 gold pieces.

Inventory:

Hand Weapons
 a - a +0 mace
 o - a +0 short sword of protection (weapon)
 p - a +1 mace of venom
 r - a +2 long sword of electrocution
Armour
 b - a +0 animal skin (worn)
Scrolls
 d - a scroll of teleportation {unknown}
 i - a scroll of enchant armour {unknown}
 j - 2 scrolls of identify {unknown}
 k - a scroll of fear {unknown}
 m - 2 scrolls of recharging {unknown}
Potions
 q - a potion of ambrosia {unknown}
Comestibles
 c - 2 fruits
 f - a meat ration
 l - a beef jerky
 n - a slice of pizza


   Skills:
 + Level 3.7 Fighting
 + Level 0.1 Short Blades
 + Level 4.0 Maces & Flails
 + Level 2.2 Armour
 + Level 2.5 Dodging


You had 3 spell levels left.
You didn't know any spells.

Dungeon Overview and Level Annotations

Branches:
Dungeon (3/15)

Altars:


Innate Abilities, Weirdness & Mutations

You are resistant to torment.
Your stone body is resilient. (AC +3)
You are immune to poison.
You resist negative energy. (rN+)
You are resistant to electric shocks. (rElec)
You can survive without breathing.
You are immune to petrification.
You are immune to rotting.


Message History

The gnoll hits you but does no damage. The goblin hits you but does no damage.
The adder bites you but does no damage. The hobgoblin barely misses you.
The goblin barely misses you. The gnoll closely misses you.
The adder closely misses you.
Your skin crawls.
You feel resistant to hostile enchantments.
You are near starving!
The hobgoblin misses you. The adder bites you but does no damage.
The goblin closely misses you. The gnoll misses you.
The hobgoblin hits you with a club.
* * * LOW HITPOINT WARNING * * *
The adder bites you.
* * * LOW HITPOINT WARNING * * *
Unknown command.
Unknown command.
You hit the gnoll but do no damage.
The gnoll is almost dead.
The goblin closely misses you. The adder barely misses you.
The gnoll hits you with a club.
You die...

## #.........# .##
###........##
..######...........#
...#...)...........#
#....÷.#÷#.........#
#..###(#.#.........#
...# #.).#.........#
##.####..##....ggS##
##.#....(###...g@##
.#...###(# ##########
.###>###.###### ##.#
.###..........####..#
###..###.###........#
##..## #.^##.......##
##.######..........#
##.#........##.###.#
##...#####.###.# #.#


You could see a gnoll, an adder, a hobgoblin and a goblin.

Vanquished Creatures
  An adder (D:2)
  An ooze (D:1)
  A worm (D:2)
  2 leopard geckos (D:2)
  9 bats
  A giant cockroach (D:2)
  7 goblins
  9 hobgoblins
  4 jackals (D:1)
  6 kobolds
  A frilled lizard (D:2)
  11 rats
53 creatures vanquished.

Notes
Turn   | Place    | Note
-------+----------+-------------------------------------------
     0 | D:1      | GlenndL420 the Gargoyle Berserker began the quest for the Orb.
     0 | D:1      | Reached XP level 1. HP: 14/14 MP: 1/1
    84 | D:1      | Reached XP level 2. HP: 8/19 MP: 2/2
   603 | D:1      | Reached XP level 3. HP: 23/24 MP: 3/3
   683 | D:1      | Reached ** piety under Trog
  1187 | D:2      | Reached XP level 4. HP: 21/29 MP: 4/4
  1300 | D:2      | Reached skill level 4 in Maces & Flails
  1547 | D:2      | HP: 1/29 [gnoll/club (3)]
  1551 | D:2      | Slain by a gnoll

Skill      XL: |  1  2  3  4 |
---------------+-------------+-----
Dodging        | 2 |  2.5
Maces & Flails | 4 |  4.0
Fighting       | |  3.7
Short Blades   | |  0.1
Armour         | |  2.2

Action                   |  1- 3 |  4- 6 || total
-------------------------+-------+-------++-------
Melee: Mace              |   149 |       ||   149
       Short sword       |    11 |    38 ||    49
Invok: Berserk           |     2 |     1 ||     3
       Trog's Hand       |       |     2 ||     2
  Use: Potion            |       |     3 ||     3
  Eat: Bread ration      |     1 |       ||     1
Armor: Animal skin       |    70 |    40 ||   110
Dodge: Dodged            |   130 |    98 ||   228
